 Dungeon Crawl Stone Soup version 0.32-a0-673-g3729bd50f8 (webtiles) character file.

Game seed: 6810955853875740713

3799 gimp the Thaumaturge (level 10, -10/50 HPs)
             Began as a Kobold Earth Elementalist on Mar 11, 2024.
             Mangled by a red devil
             ... wielding a +0 trident
              (18 damage)
             ... on level 8 of the Dungeon.
             The game lasted 00:10:36 (9865 turns).

gimp the Thaumaturge (Kobold Earth Elementalist)    Turns: 9865, Time: 00:10:36

Health: -10/50     AC:  8    Str:  6    XL:     10   Next: 39%
Magic:  7/25       EV: 15    Int: 21    God:
Gold:   367        SH:  0    Dex: 15    Spells: 24/31 levels left

rFire   + . .        a - +1 dagger (venom)
rCold   . . .        (no shield)
rNeg    . . .        y - +2 steam dragon scales
rPois   .            q - +0 helmet
rElec   .            (no cloak)
rCorr   .            (no gloves)
SInv    .            (no boots)
Will    .....        (no amulet)
Stlth   +++          r - +4 ring of slaying
HPRegen 0.28/turn    A - ring of protection from fire
MPRegen 0.19/turn

%: no passive effects
@: spiked
A: small, no large weapons, nightstalker 3
a: no special abilities


You were on level 8 of the Dungeon.
You visited 2 branches of the dungeon, and saw 9 of its levels.

You collected 367 gold pieces.

Inventory:

Hand Weapons
 a - a +1 dagger of venom (weapon)
Missiles
 s - a throwing net
 x - 5 curare-tipped darts
Armour
 q - a +0 helmet (worn)
 y - +2 steam dragon scales (worn)
Jewellery
 r - a +4 ring of slaying (left hand)
 A - a ring of protection from fire (right hand)
 B - a +6 ring of strength
Wands
 e - a wand of digging (1)
Scrolls
 c - 2 scrolls of enchant armour {unknown}
 d - 3 scrolls of teleportation {unknown}
 k - 3 scrolls of vulnerability {unknown}
 l - a scroll of silence {unknown}
 m - a scroll of torment {unknown}
 t - a scroll of immolation {unknown}
 u - 2 scrolls of identify {unknown}
 v - 2 scrolls of poison {unknown}
 C - a scroll of blinking {unknown}
Potions
 f - 2 potions of haste {unknown}
 g - 3 potions of cancellation
 h - 3 potions of curing
 i - a potion of degeneration {unknown}
 j - 2 potions of attraction {unknown}
 n - a potion of mutation {unknown}
 o - a potion of heal wounds {unknown}
 p - a potion of berserk rage {unknown}
 w - a potion of brilliance {unknown}
 z - 2 potions of resistance {unknown}


   Skills:
 - Level 2.4 Dodging
 - Level 2.6 Stealth
 + Level 11.0 Spellcasting
 - Level 6.0 Conjurations
 - Level 8.0 Earth Magic


You had 24 spell levels left.
You knew the following spells:

 Your Spells              Type           Power      Damage    Failure   Level
a - Stone Arrow           Conj/Erth      82%        3d12      1%          3
b - Sandblast             Erth           90%        2d19      1%          1
c - Passwall              Erth           45%        N/A       1%          3

Your spell library contained the following spells:

 Spells                   Type           Power      Damage    Failure   Level
 Magic Dart               Conj           100%       1d8       1%          1
 Brom's Barrelling Bould  Conj/Erth      41%        2d6       3%          4
 Blink                    Tloc           22%        N/A       9%          2
 Call Imp                 Summ           22%        N/A       9%          2
 Animate Armour           Summ/Erth      56%        N/A       11%         4
 Petrify                  Alch/Erth      28%        N/A       11%         4
 Gell's Gravitas          Tloc           11%        N/A       17%         3
 Teleport Other           Tloc           11%        N/A       17%         3
 Tukima's Dance           Hex            11%        N/A       17%         3
 Passage of Golubria      Tloc           11%        N/A       50%         4
 Silence                  Hex/Air        5%         N/A       85%         5
 Yara's Violent Unravell  Hex/Alch       5%         3d4       85%         5
 Dispersal                Tloc           5%         N/A       100%        6
 Lehudib's Crystal Spear  Conj/Erth      20%        10d6      100%        8


Dungeon Overview and Level Annotations

Branches:
Dungeon (8/15)             Temple (1/1) D:4
   Lair: D:8-11

Altars:
Ashenzari
Cheibriados
Dithmenos
Elyvilon
Fedhas
Gozag
Hepliaklqana
Kikubaaqudgha
Makhleb
Nemelex Xobeh
Okawaru
Qazlal
Ru
Sif Muna
Trog
Uskayaw
Wu Jian
Xom
Yredelemnul
Zin
The Shining One


Innate Abilities, Weirdness & Mutations

You are small and have problems with some larger weapons.
You are completely attuned to the shadows.


Message History

The stone arrow hits the red devil!!
You kill the red devil!
You hear a shout!
An orc warrior comes into view. It is wielding a +4 trident.
Your magical contamination has completely faded away.
You now have 4/24 mp.
Unknown command.
Casting: Stone Arrow (safe; 1% risk of failure)
Confirm with . or Enter, or press ? or * to list all spells.
Aiming: Stone Arrow (safe; 1% risk of failure)
Press: ? - help, Shift-Dir - straight line The stone arrow hits the orc warrior!!
The orc warrior is almost dead.
The orc warrior hits you from afar with a +4 trident!
You take 10 damage, and have 30/50 hp.
You now have 1/24 mp.
Casting: Stone Arrow (safe; 1% risk of failure)
Confirm with . or Enter, or press ? or * to list all spells.
You don't have enough magic to cast this spell.
Aiming: Sandblast (safe; 1% risk of failure)
Press: ? - help, Q - select action, (/) - cycle Shift-Dir - straight line
Okay, then.
Aiming: Sandblast (safe; 1% risk of failure)
Press: ? - help, Q - select action, (/) - cycle Shift-Dir - straight line
Okay, then.
Unknown command.
Okay, then.
Okay, then.
The orc warrior misses you.
You carefully extract the barbed spikes from your body.
The orc warrior closely misses you.
An orc wizard comes into view. It is wielding a +0 dagger.
The orc warrior attacks as it pursues you!
The orc warrior barely misses you.
Casting: Sandblast (safe; 1% risk of failure)
Confirm with . or Enter, or press ? or * to list all spells.
Aiming: Stone Arrow (safe; 1% risk of failure)
Press: ? - help, Shift-Dir - straight line, f - orc warrior
Aim: an orc warrior, wielding a +4 trident and wearing a +0 ring mail (almost dead, 70% to hit)
The stone arrow misses the orc warrior.
The orc wizard shouts!
You hear a shout!
The orc warrior hits you from afar with a +4 trident!
You take 12 damage, and have 20/50 hp.
MASSIVE DAMAGE!!
You now have 0/24 mp.
Magic courses through your body. The orc warrior closely misses you.
MP restored: 24
Casting: Stone Arrow (safe; 1% risk of failure)
Confirm with . or Enter, or press ? or * to list all spells.
Aiming: Stone Arrow (safe; 1% risk of failure)
Press: ? - help, Shift-Dir - straight line, f/p - orc warrior
Aim: an orc warrior, wielding a +4 trident and wearing a +0 ring mail (almost dead, 70% to hit)
The stone arrow hits the orc warrior!
You kill the orc warrior!
The orc wizard hits you but does no damage.
Your Spellcasting skill increases to level 11!
You now have 21/25 mp.
Casting: Stone Arrow (safe; 1% risk of failure)
Confirm with . or Enter, or press ? or * to list all spells.
Aiming: Stone Arrow (safe; 1% risk of failure)
Press: ? - help, Shift-Dir - straight line, f - orc wizard
Aim: an orc wizard, wielding a +0 dagger and wearing a +0 robe (70% to hit)
The stone arrow hits the orc wizard!
The orc wizard is almost dead.
The orc wizard barely misses you.
You now have 18/25 mp.
Casting: Stone Arrow (safe; 1% risk of failure)
Confirm with . or Enter, or press ? or * to list all spells.
Aiming: Stone Arrow (safe; 1% risk of failure)
Press: ? - help, Shift-Dir - straight line, f/p - orc wizard
Aim: an orc wizard, wielding a +0 dagger and wearing a +0 robe (almost dead, 70% to hit)
The stone arrow hits the orc wizard!
You kill the orc wizard!
A red devil comes into view. It is wielding a +0 trident.
You now have 15/25 mp.
Casting: Stone Arrow (safe; 1% risk of failure)
Confirm with . or Enter, or press ? or * to list all spells.
Aiming: Stone Arrow (safe; 1% risk of failure)
Press: ? - help, Shift-Dir - straight line, f - red devil
Aim: a red devil, wielding a +0 trident and wearing a +0 buckler (67% to hit)
The stone arrow hits the red devil!!
The red devil is severely wounded.
An orc comes into view. It is wielding a +0 dagger. x2
You now have 13/25 mp.
Casting: Stone Arrow (safe; 1% risk of failure)
Confirm with . or Enter, or press ? or * to list all spells.
Aiming: Stone Arrow (safe; 1% risk of failure)
Press: ? - help, Shift-Dir - straight line, f/p - red devil
Aim: a red devil, wielding a +0 trident and wearing a +0 buckler (severely wounded, 67% to hit)
The red devil blocks the stone arrow.
The red devil hits you from afar with a +0 trident!
* * * LOW HITPOINT WARNING * * *
Barbed spikes become lodged in your body.
You take 14 damage, and have 8/50 hp.
MASSIVE DAMAGE!!
You now have 10/25 mp.
Casting: Stone Arrow (safe; 1% risk of failure)
Confirm with . or Enter, or press ? or * to list all spells.
Aiming: Stone Arrow (safe; 1% risk of failure)
Press: ? - help, Shift-Dir - straight line, f/p - red devil
Aim: a red devil, wielding a +0 trident and wearing a +0 buckler (severely wounded, 67% to hit)
The stone arrow misses the red devil.
The stone arrow hits the orc!!
You kill the orc!
The red devil hits you from afar with a +0 trident!!
You die...

..#### #### #....##.....
.............
.....).......
............#############
...................#.....
#####.......###..........
####....# #..≈§§#.#.≈
#....###.@§).#o#
#........)§§##.#
###......4### $.
#......o.. #.......###
#.....§.§. #.......≈.


You could see a red devil and an orc.

Vanquished Creatures
  Maggie (D:6)
  2 red devils (D:8)
  Eustachio (D:6)
  3 water moccasins (D:7)
  An orc warrior (D:8)
  2 black bears (D:4)
  2 ice beasts
  2 centaurs
  2 ogres
  2 kobold brigands
  A gnoll sergeant (D:6)
  3 bullfrogs
  4 scorpions
  7 wights
  2 jellies
  A bombardier beetle (D:6)
  5 hounds
  2 orc priests (D:4)
  2 iguanas
  9 orc wizards
  8 gnolls
  6 adders
  A shadow imp (D:7)
  A white imp (D:6)
  2 ufetubi (D:5)
  3 ribbon worms
  3 dart slugs
  23 orcs
  A bat (D:3)
  9 endoplasms
  5 giant cockroaches
  13 goblins
  4 hobgoblins
  8 jackals
  19 kobolds
  7 quokkas
  7 ball pythons
  5 frilled lizards
  4 rats (D:2)
183 creatures vanquished.

Notes
Turn   | Place    | Note
-------+----------+-------------------------------------------
     0 | D:1      | gimp the Kobold Earth Elementalist began the quest for the
                  | Orb.
     0 | D:1      | Reached XP level 1. HP: 10/10 MP: 3/3
   135 | D:1      | Reached XP level 2. HP: 15/15 MP: 3/5
   571 | D:1      | Reached XP level 3. HP: 12/19 MP: 0/7
   668 | D:1      | Learned a level 3 spell: Stone Arrow
  1267 | D:2      | Reached skill level 3 in Spellcasting
  1267 | D:2      | Reached XP level 4. HP: 24/24 MP: 6/8
  1397 | D:2      | Found a faded altar of an unknown god.
  2079 | D:3      | Reached XP level 5. HP: 20/28 MP: 4/10
  2650 | D:3      | Found a broken altar of Ashenzari.
  2685 | D:3      | Found a glowing golden altar of the Shining One.
  2955 | D:3      | Found an ornate altar of the Wu Jian Council.
  3468 | D:4      | Noticed a black bear
  3499 | D:4      | Killed a black bear
  3500 | D:4      | Reached skill level 4 in Spellcasting
  3500 | D:4      | Reached XP level 6. HP: 8/32 MP: 0/12
  3654 | D:4      | Reached XP level 7. HP: 35/36 MP: 4/13
  3677 | D:4      | Found a staircase to the Ecumenical Temple.
  3793 | D:4      | Reached skill level 5 in Earth Magic
  3827 | Temple   | Entered the Ecumenical Temple
  4007 | D:4      | Reached skill level 5 in Spellcasting
  4345 | D:4      | Found a snail-covered altar of Cheibriados.
  4696 | D:4      | Reached XP level 8. HP: 41/41 MP: 8/16
  4966 | D:4      | Found a hazy altar of Hepliaklqana.
  4966 | D:4      | Found a burning altar of Makhleb.
  5012 | D:5      | Entered Level 5 of the Dungeon
  5099 | D:5      | Found a basalt altar of Yredelemnul.
  5127 | D:5      | Reached skill level 5 in Conjurations
  5921 | D:5      | Found a sacrificial altar of Ru.
  6472 | D:6      | Reached skill level 6 in Spellcasting
  6788 | D:6      | Noticed Maggie
  6793 | D:6      | Killed Maggie
  6794 | D:6      | Reached XP level 9. HP: 45/45 MP: 2/19
  7173 | D:6      | Reached skill level 7 in Spellcasting
  7418 | D:6      | Noticed Eustachio
  7422 | D:6      | Killed Eustachio
  8257 | D:7      | Learned a level 3 spell: Passwall
  8301 | D:7      | Found a shimmering blue altar of Sif Muna.
  8509 | D:7      | Reached skill level 8 in Spellcasting
  9198 | D:7      | Reached skill level 9 in Spellcasting
  9200 | D:7      | Reached XP level 10. HP: 50/50 MP: 9/23
  9591 | D:8      | Reached skill level 10 in Spellcasting
  9861 | D:8      | Reached skill level 11 in Spellcasting
  9865 | D:8      | Mangled by a red devil

Illustrated notes

Levels and vault maps discovered:
D:1:      psy_arrival_terrarium, layout_loops_ring, st_stairs_8
D:2:      minmay_razor_zed, layout_rooms, ebering_ecumenical_altar_rust,
          grunt_decor_junction
D:3:      layout_basic, lemuel_tele_altar, lemuel_crystal_altar,
          nzn_wu_jian_council_hall
D:4:      layout_basic, gammafunk_temple_overflow_wave, kennysheep_mini_moat,
          minmay_temple_entry_junction_2, nicolae_eternal_life,
          amcnicky_mini_corridor_feature
D:5:      layout_basic, mainiacjoe_overflow_tiny_flanked, amcnicky_altar_gilded,
          serial_bayou_ford_a
D:6:      layout_basic, uniq_maggie, uniq_eustachio
D:7:      layout_basic, mainiacjoe_overflow_cross_hatched, minivault_23
D:8:      lemuel_ice_spiral_2, layout_basic, einodemon_armed_red_devil_minivault
Temple:   hellmonk_temple_two_chambers

Skill      XL: |  1  2  3  4  5  6  7  8  9 10 |
---------------+-------------------------------+-----
Conjurations   | 2 3 4 6 |  6.0
Spellcasting   | 3 4 5 6 9 11 | 11.0
Earth Magic    | 4 5 7 8 |  8.0
Dodging        | |  2.4
Stealth        | |  2.6

Action                     |  1- 3 |  4- 6 |  7- 9 | 10-12 || total
---------------------------+-------+-------+-------+-------++-------
  Melee: Dagger            |     1 |       |    19 |     1 ||    21
   Cast: Sandblast         |    45 |    81 |    23 |     1 ||   150
         Stone Arrow       |       |     2 |   116 |    32 ||   150
    Use: Potion            |       |       |     2 |     1 ||     3
 Armour: Robe              |     6 |    15 |    26 |       ||    47
         Steam dragon scal |       |       |     7 |    12 ||    19
  Dodge: Dodged            |    12 |    18 |    29 |    14 ||    73

Table legend: (Time is in decaauts)
 A = Elapsed time spent in this place.
 B = Non-inter-level travel time spent in this place.
 C = Inter-level travel time spent in this place.
 D = Time resting spent in this place.
 E = Time spent auto-exploring this place.
 F = Levels seen in this place.
 G = Mean time per level.
                   A        B        C        D        E       F      G
               +--------+--------+--------+--------+--------+-----+--------+
         Total |   9953 |   9819 |    134 |      0 |   8891 |   9 | 1105.9 |
       Dungeon |   9857 |   9723 |    134 |      0 |   8797 |   8 | 1232.1 |
        Temple |     95 |     95 |      0 |      0 |     94 |   1 |   95.0 |
               +--------+--------+--------+--------+--------+-----+--------+

Top non-repeatable levels by time:
     D:6: 2112 daAuts
     D:4: 1695 daAuts
     D:3: 1272 daAuts
     D:5: 1144 daAuts
     D:2: 1126 daAuts
     D:7: 1111 daAuts
     D:1: 894 daAuts
     D:8: 501 daAuts
  Temple: 95 daAuts
